 Dungeon Crawl Stone Soup version 0.19-a0-1899-g2d93087 (webtiles) character file.

907 Goblin1989 the Spear-Bearer (level 8, -5/58 HPs)
             Began as a Human Fighter on Oct 19, 2016.
             Slain by a bullfrog skeleton (6 damage)
             ... on level 5 of the Dungeon.
             The game lasted 00:09:32 (3879 turns).

Goblin1989 the Spear-Bearer (Human Fighter)         Turns: 3879, Time: 00:09:32

Health: -5/58      AC:  7    Str: 24      XL:     8   Next: 29%
Magic:  8/8        EV:  7    Int:  9      God:
Gold:   191        SH:  9    Dex: 11 (12) Spells: 0 memorised, 7 levels left

rFire  . . .     SeeInvis .     a - +0 trident
rCold  + . .     Gourm    .     b - +0 scale mail
rNeg   . . .     Faith    .     i - +0 shield
rPois  .         Spirit   .     u - +0 helmet
rElec  .         Reflect  .     (no cloak)
rCorr  .         Harm     .     (no gloves)
MR     .....                    (no boots)
Stlth  ..........               (no amulet)
                                (no ring)
                                c - ring of protection from cold

@: mighty, lethally poisoned (-5 -> -6)
A: no striking features
a: no special abilities


You were on level 5 of the Dungeon.
You were hungry.

You visited 1 branch of the dungeon, and saw 5 of its levels.

You collected 191 gold pieces.

Inventory:

Hand Weapons
 a - a +0 trident (weapon)
Armour
 b - a +0 scale mail (worn)
 i - a +0 shield (worn)
 u - a +0 helmet (worn)
Jewellery
 c - a ring of protection from cold (left hand)
Scrolls
 h - 3 scrolls of remove curse {@r2}
 l - 2 scrolls of immolation {!r}
 s - a scroll of recharging
 B - a scroll of blinking
 R - 3 scrolls of identify {@r1}
Potions
 k - a potion of degeneration {!q}
 p - a potion of invisibility
Comestibles
 f - 2 bread rations {@e1}
 g - a slice of pizza
 j - 5 meat rations {@e2}
 r - 2 beef jerkies


   Skills:
 - Level 3.0 Fighting
 + Level 9.2 Polearms
 - Level 3.0 Armour
 - Level 3.0 Shields


You had 7 spell levels left.
You didn't know any spells.

Dungeon Overview and Level Annotations

Branches:
Dungeon (5/15)
 Temple: D:4-7

Altars:

Annotations:
D:4 1 runed door


Message History

You hit the quasit but do no damage.
The quasit is almost dead.
You feel less woody.
Your +0 helmet unmelds from your body.
Your +0 scale mail unmelds from your body.
The quasit bites you but does no damage.
The quasit claws you but does no damage.
The quasit barely misses you.
You now have 1/58 hp.
You puncture the quasit!
You kill the quasit!
Unknown command.
Okay, then.
* * * LOW HITPOINT WARNING * * *
You feel sick.
The bullfrog skeleton hits you but does no damage.
You puncture the bullfrog skeleton!
The bullfrog skeleton is moderately damaged.
The bullfrog skeleton hits you.
You die... ████

█.. █.█
████∆██████
█....@...$█
█.>..Z.......
█............
█.........█..
█.........█ .
██...[......
█...........
█.........█.
.a.....


You could see a bullfrog skeleton.

Vanquished Creatures
  The ghost of Raws the Quickloader, a novice GrHu (D:5)
  A scorpion (D:4)
  A centaur zombie (D:4)
  A quasit (D:5)
  An orc wizard (D:4)
  An orc priest (D:3)
  An iguana (D:4)
  5 worker ants
  A gnoll (D:1)
  A howler monkey skeleton (D:4)
  3 adders
  3 worms
  A dart slug (D:2)
  A leopard gecko (D:3)
  9 orcs
  5 goblins
  3 hobgoblins
  7 jackals
  A ball python (D:4)
  9 bats
  8 kobolds
  10 rats
74 creatures vanquished.

Notes
Turn   | Place    | Note
-------+----------+-------------------------------------------
     0 | D:1      | Goblin1989 the Human Fighter began the quest for the Orb.
     0 | D:1      | Reached XP level 1. HP: 18/18 MP: 1/1
   382 | D:1      | Reached XP level 2. HP: 24/24 MP: 2/2
   586 | D:1      | Reached skill level 3 in Polearms
   586 | D:1      | Reached XP level 3. HP: 9/29 MP: 3/3
  2100 | D:3      | Reached XP level 4. HP: 35/35 MP: 4/4
  2107 | D:3      | Reached skill level 4 in Polearms
  2467 | D:3      | Reached XP level 5. HP: 39/41 MP: 5/5
  2736 | D:4      | Reached skill level 5 in Polearms
  3103 | D:4      | Reached XP level 6. HP: 41/47 MP: 6/6
  3323 | D:4      | Reached skill level 6 in Polearms
  3598 | D:4      | Reached skill level 7 in Polearms
  3598 | D:4      | Reached XP level 7. HP: 52/52 MP: 7/7
  3676 | D:4      | Found a runed door.
  3819 | D:5      | Entered Level 5 of the Dungeon
  3830 | D:5      | Noticed Raws's ghost (novice GrHu)
  3847 | D:5      | Killed Raws's ghost
  3847 | D:5      | Reached skill level 9 in Polearms
  3847 | D:5      | Reached XP level 8. HP: 21/58 MP: 8/8
  3865 | D:5      | HP: 4/87 [poisoned by Raws's ghost]
  3870 | D:5      | HP: 2/87 [poisoned by Raws's ghost]
  3877 | D:5      | HP: 1/58 [poisoned by Raws's ghost]
  3879 | D:5      | Slain by a bullfrog skeleton

Vault maps used:
D:1:      dpeg_arrival_simpleton_a, st_stairs_6
D:3:      grunt_decor_fettered
D:4:      eino_tiny_chamber, uniq_crazy_yiuf_cottage
D:5:      first_bread, portal_sewer_entry_d, uniq_blork_the_orc

Skill      XL: |  1  2  3  4  5  6  7 |
---------------+----------------------+-----
Polearms       | 3 4 5 7 9 |  9.2
Fighting       | |  3.0
Armour         | |  3.0
Shields        | |  3.0

Action                   |  1- 3 |  4- 6 |  7- 9 || total
-------------------------+-------+-------+-------++-------
Melee: Trident           |   109 |   195 |    29 ||   333
  Use: Scroll            |       |       |    11 ||    11
       Potion            |       |       |     3 ||     3
  Eat: Chunk             |     4 |     5 |       ||     9
Armor: Scale mail        |    39 |    66 |     3 ||   108
       Skin              |       |       |    32 ||    32
Dodge: Dodged            |    23 |    54 |     6 ||    83
Block: Shield            |    49 |    96 |    17 ||   162

Vault maps used:
D:1:      dpeg_arrival_simpleton_a, st_stairs_6
D:3:      grunt_decor_fettered
D:4:      eino_tiny_chamber, uniq_crazy_yiuf_cottage
D:5:      first_bread, portal_sewer_entry_d, uniq_blork_the_orc
